 Dungeon Crawl Stone Soup version 0.23.2-1-ga50397a6bc (webtiles) character file.

Game seed: 339549862635362435

140845 Andrea the Arsonist (level 17, -6/119 HPs)
             Began as an Octopode Fire Elementalist on May 4, 2019.
             Was a High Priest of Vehumet.
             Killed from afar by a merfolk aquamancer (54 damage)
             ... with a shard of ice
             ... on level 4 of the Shoals on May 5, 2019.
             The game lasted 03:07:46 (46916 turns).

Andrea the Arsonist (Octopode Fire Elementalist)   Turns: 46916, Time: 03:07:47

Health: -6/119     AC:  5    Str: 10    XL:     17   Next: 31%
Magic:  43/60      EV: 24    Int: 25    God:    Vehumet [*****.]
Gold:   844        SH:  7    Dex: 22    Spells: 3/41 levels left

rFire    . . .     SeeInvis .   a - +5 dagger of Entrepreneurial Spirit {freeze, rPois rN+ MP+9 Dex+4}
rCold    . . .     Gourm    .   I - +1 buckler
rNeg     + + .     Faith    .   i - +2 hat
rPois    +         Spirit   .   K - amulet of magic regeneration
rElec    .         Reflect  .   F - ring of stealth
rCorr    +         Harm     .   r - ring of magical power
MR       +....                  n - +2 ring of protection
Stlth    +++++++...             S - ring of stealth
HPRegen  0.29/turn              t - ring of Viaredwe {*Drain rPois rN+ Int+4 Dex+5}
MPRegen  0.62/turn              Y - ring of Deontun {rCorr MP+9}
                                (no ring)
                                m - ring of wizardry

@: lightly drained
A: almost no armour, stealthy swim, amphibious, 8 rings, constrict 8, camouflage
1, gelatinous body 1
a: Renounce Religion


You were on level 4 of the Shoals.
You worshipped Vehumet.
Vehumet was extremely pleased with you.
You were near starving.

You visited 6 branches of the dungeon, and saw 29 of its levels.

You collected 3304 gold pieces.
You spent 2460 gold pieces at shops.

Inventory:

Hand Weapons
 a - the +5 dagger of Entrepreneurial Spirit (weapon) {freeze, rPois rN+ MP+9 Dex+4}
   (You took it off an orc on level 13 of the Dungeon)

   It has been specially enchanted to freeze those struck by it, causing extra
   injury to most foes and up to half again as much damage against particularly
   susceptible opponents.
   It can also slow down cold-blooded creatures.
   It affects your dexterity (+4).
   It protects you from poison.
   It protects you from negative energy.
   It affects your magic capacity (+9).
 y - the +4 long sword "Tomoa" {elec, Fragile rPois rC+++, unknown}
   (You found it on level 4 of the Shoals)

   Occasionally, upon striking a foe, it will discharge some electrical energy
   and cause terrible harm.
   It renders you almost immune to cold.
   It protects you from poison.
   It will be destroyed if unequipped.
Armour
 i - a +2 hat (worn)
 I - a +1 buckler (worn)
Magical Staves
 b - an uncursed staff of fire
 C - an uncursed staff of summoning
 R - an uncursed staff of wizardry
Jewellery
 l - an uncursed ring of ice
 m - a ring of wizardry (on tentacle)
 n - a +2 ring of protection (on tentacle)
 p - the amulet "Woso" {Inacc rN+, unknown}
   (You found it on level 4 of the Shoals)

   [amulet of inaccuracy]

   It reduces the accuracy of all your attacks.
   It protects you from negative energy.
 r - a ring of magical power (right tentacle)
 t - the ring of Viaredwe (on tentacle) {*Drain rPois rN+ Int+4 Dex+5}
   (You acquired it on level 11 of the Dungeon)

   [ring of positive energy]

   It affects your intelligence (+4).
   It affects your dexterity (+5).
   It protects you from poison.
   It protects you from negative energy.
   It causes draining when unequipped.
 F - a ring of stealth (left tentacle)
 K - an amulet of magic regeneration (around mantle)
 S - a ring of stealth (on tentacle)
 Y - the ring of Deontun (on tentacle) {rCorr MP+9}
   (You acquired it on level 1 of the Orcish Mines)

   [ring of resist corrosion]

   It affects your magic capacity (+9).
Wands
 w - a wand of iceblast (18)
 z - a wand of disintegration (59)
 A - a wand of polymorph (6)
 H - a wand of digging (8)
 M - a wand of acid (9)
 T - a wand of paralysis (19)
Scrolls
 c - a scroll of summoning
 f - 9 scrolls of remove curse
 j - 8 scrolls of teleportation
 o - a scroll of blinking
 E - a scroll of magic mapping
 J - 4 scrolls of amnesia
 O - a scroll of vulnerability
 P - 2 scrolls of fog
 Q - 2 scrolls of fear
 Z - a scroll of enchant armour
Potions
 d - 4 potions of heal wounds
 e - 4 potions of brilliance
 g - 4 potions of might
 h - 3 potions of mutation
 k - 2 potions of resistance
 q - 4 potions of haste
 s - 5 potions of curing
 v - 3 potions of flight
 x - 3 potions of magic
 B - 2 potions of cancellation
 D - 2 potions of lignification
 G - 3 potions of agility
 W - a potion of berserk rage
 X - a potion of invisibility {unknown}
Miscellaneous
 u - a phial of floods
 U - a crystal ball of energy
Comestibles
 N - 53 rations


   Skills:
 - Level 12.0(11.8) Fighting
 - Level 12.0(11.8) Dodging
 - Level 8.1(8.0) Stealth
 - Level 4.0(3.8) Shields
 + Level 12.8(12.6) Spellcasting
 + Level 12.9(12.8) Conjurations
 - Level 9.2(9.1) Summonings
 + Level 13.2(13.0) Fire Magic
 - Level 5.3(5.2) Air Magic


You had 3 spell levels left.
You knew the following spells:

 Your Spells              Type           Power        Failure   Level  Hunger
a - Blink                 Tloc           N/A          2%          2    None
b - Throw Flame           Conj/Fire      ######       1%          2    None
c - Conjure Flame         Conj/Fire      ######..     1%          3    None
d - Sticky Flame          Conj/Fire      ######..     1%          4    None
e - Fireball              Conj/Fire      ######....   1%          5    ###....
f - Summon Lightning Spi  Summ/Air       ######..     1%          4    None
g - Mephitic Cloud        Conj/Pois/Air  #####...     1%          3    None
h - Spellforged Servitor  Conj/Summ      ######....   4%          7    ######.
i - Ignition              Fire           ######....   13%         8    #######

Your spell library contained the following spells:

 Spells                   Type           Power        Failure   Level  Hunger
 Ozocubu's Refrigeration  Ice            ###.......   47%         6    #####..
 Flame Tongue             Conj/Fire      #####        0%          1    None
 Magic Dart               Conj           ####         0%          1    None
 Animate Skeleton         Necr           N/A          1%          1    None
 Apportation              Tloc           ###...       1%          1    None
 Confusing Touch          Hex            ###...       1%          1    None
 Summon Small Mammal      Summ           ####         1%          1    None
 Call Imp                 Summ           ######..     1%          2    None
 Poisonous Vapours        Pois/Air       ####..       1%          2    None
 Call Canine Familiar     Summ           ######..     1%          3    None
 Ignite Poison            Fire/Tmut/Pois #####...     1%          3    None
 Inner Flame              Hex/Fire       #####...     1%          3    None
 Summon Guardian Golem    Hex/Summ       #####...     1%          3    None
 Slow                     Hex            ###.....     2%          2    None
 Confuse                  Hex            ###.....     4%          3    None
 Gell's Gravitas          Tloc           ###.......   4%          3    None
 Bolt of Magma            Conj/Fire/Erth ######....   1%          5    ###....
 Iskenderun's Battlesphe  Conj/Chrm      #####...     1%          5    ###....
 Venom Bolt               Conj/Pois      #####.....   1%          5    ###....
 Bolt of Fire             Conj/Fire      ######....   1%          6    #####..
 Summon Ice Beast         Ice/Summ       #####...     2%          4    None
 Orb of Destruction       Conj           ######....   2%          7    ######.
 Iron Shot                Conj/Erth      #####.....   4%          6    #####..
 Freezing Cloud           Conj/Ice/Air   #####.....   5%          6    #####..
 Yara's Violent Unravell  Hex/Tmut       ###.......   12%         5    ###....
 Silence                  Hex/Air        ####......   14%         5    ###....
 Cause Fear               Hex            ###.......   16%         4    None
 Petrify                  Tmut/Erth      ###.....     16%         4    None
 Metabolic Englaciation   Hex/Ice        ###.......   38%         5    ###....
 Deflect Missiles         Chrm/Air       ####......   58%         6    #####..
 Ring of Flames           Chrm/Fire      #####.....   61%         7    ######.
 Discord                  Hex            ###.......   100%        8    #######


Dungeon Overview and Level Annotations

Branches:
Dungeon (15/15)            Temple (1/1) D:6            Lair (6/6) D:10
 Shoals (4/4) Lair:4       Spider (1/4) Lair:3        Slime (0/5) Lair:5
    Orc (2/2) D:9             Elf (0/3) Orc:2        Vaults (0/5) D:13
 Depths (0/5) D:15

Altars:
Ashenzari
Cheibriados
Dithmenos
Elyvilon
Fedhas
Gozag
Hepliaklqana
Kikubaaqudgha
Makhleb
Nemelex Xobeh
Okawaru
Qazlal
Ru
Sif Muna
Trog
Uskayaw
Vehumet
Wu Jian
Xom
Yredelemnul
Zin
The Shining One
Beogh
Jiyva

Shops:
D:14 *   Orc:2 :([?

Portals:
Trove: D:11 (give 8 potions of haste)

Annotations:
D:8 Erica
Lair:1 3 runed translucent doors, foxfromabyss's ghost, novice FoFi
Lair:4 exclusion: oklob plant


Innate Abilities, Weirdness & Mutations

You cannot wear most types of armour.
You are very stealthy in the water. (Stealth+)
You are amphibious.
You can wear up to eight rings at the same time.
You can use your tentacles to constrict eight enemies at once.
Your skin changes colour to match your surroundings (Stealth+).
Your rubbery body absorbs attacks. (AC +1, EV +1)


Message History

The sea snake is covered in liquid flames!
You see here a javelin of penetration.
You hit the merfolk aquamancer. You freeze the merfolk aquamancer.
Your grab misses the merfolk aquamancer.
The merfolk aquamancer is heavily wounded.
Your spellforged servitor hums quietly as it recharges.
The merfolk aquamancer burns!
The sea snake burns!
The merfolk aquamancer is engulfed in noxious fumes.
The merfolk aquamancer barely misses you.
Casting: Throw Flame (safe; 1% risk of failure)
Confirm with . or Enter, or press ? or * to list all spells.
Aiming: Throw Flame (safe; 1% risk of failure)
Press: ? - help, Shift-Dir - straight line, f - merfolk aquamancer
Aim: a merfolk aquamancer, wielding a +1 rapier of draining and wearing a +0 robe (severely wounded, covered in liquid flames)
The puff of flame hits the merfolk aquamancer!
The merfolk aquamancer is severely wounded.
The merfolk aquamancer burns!
The sea snake burns!
The merfolk aquamancer points at you and mumbles some strange words.
The shard of ice hits you!!!
You die...

≈..≈≈≈≈≈..m≈..≈≈≈≈≈.... ≈≈≈
≈..≈≈≈≈≈≈≈≈≈≈.........≈ P≈
≈≈≈≈≈≈≈≈≈≈.≈≈.......≈.P ≈#
..≈≈.≈≈≈≈≈≈≈≈≈≈......≈≈≈≈≈ ##
..≈≈.≈≈≈≈≈≈≈.........≈≈≈≈≈≈≈≈ ##≈
.≈≈≈≈≈≈≈≈≈≈....##S...≈≈≈≈≈≈≈≈≈#≈≈
..≈≈≈≈≈≈≈≈≈...###....≈≈≈≈≈≈≈≈≈#≈≈
≈≈≈≈≈§§≈≈≈≈...###m8.≈≈≈≈≈≈≈≈≈≈#≈≈
§§.≈§§§§≈≈≈≈...☼@.≈≈≈≈≈≈≈≈≈≈≈≈≈≈#
≈≈≈§§m)§≈≈≈≈(...°.≈≈≈≈≈≈≈≈≈≈≈≈≈#≈
m≈§≈§)§≈≈≈≈≈≈......≈≈≈≈≈≈≈≈≈≈≈≈≈#
≈≈≈§§≈§m≈≈≈≈≈≈....≈≈≈≈≈≈≈≈≈≈≈≈≈≈≈
mm§mm§≈≈≈≈≈≈≈≈≈≈≈≈≈≈≈≈)≈≈≈≈≈≈≈((≈
≈#####≈≈≈≈≈≈≈≈≈≈≈≈≈≈≈≈≈≈≈≈≈≈≈≈≈(≈
## ##≈≈≈≈≈≈≈≈≈≈≈≈≈≈≈≈≈≈≈≈≈≈≈≈≈[ #
#≈≈≈≈≈≈≈≈≈≈≈≈≈≈≈≈≈≈≈≈≈≈≈(≈≈
'§mmk[#≈≈≈≈≈≈≈≈≈≈≈≈≈≈≈≈≈≈≈≈≈≈≈≈≈≈


You could see a sea snake (confused), a merfolk aquamancer (burning) and a
friendly spellforged servitor.

Vanquished Creatures
  Jorgrun (D:12)
  Gastronok (D:11)
  Ilsuiw (Shoals:4)
  An orc warlord (Orc:1)
  A dire elephant (Lair:6)
  4 merfolk javelineers (Shoals:4)
  Snorg (Orc:1)
  2 merfolk impalers
  A yaktaur captain (D:15)
  Josephine (D:11)
  2 vault guards
  11 hydras
  Fannar (Orc:1)
  A catoblepas (D:15)
  2 centaur warriors
  2 merfolk avatars
  An ice dragon (Shoals:1)
  3 merfolk aquamancers (Shoals:4)
  3 ogre magi (Orc:2)
  A death knight (D:10)
  2 two-headed ogres
  3 death yaks (Lair:6)
  A satyr (Shoals:3)
  2 tengu warriors
  Nergalle (Orc:2)
  Sonja (D:12)
  3 sea snakes
  5 skeletal warriors (D:11)
  2 harpies
  2 lindwurms (Lair:6)
  2 deep elf magi
  An orb spider (Lair:3)
  Pikel (D:4)
  8 ugly things
  8 orc sorcerers
  3 cyclopes
  2 slime creatures (D:11)
  9 fauns
  6 elephants
  10 manticores
  A black mamba (shapeshifter) (D:13)
  6 merfolk sirens
  A gargoyle (D:11)
  3 centaur zombies
  6 water nymphs
  14 spiny frogs
  7 black mambas
  2 kobold demonologists (D:11)
  4 rime drakes
  A tengu conjurer (D:14)
  9 komodo dragons
  5 wind drakes
  A queen bee (Lair:2)
  A polar bear (Lair:6)
  13 merfolk
  3 hornets
  2 trolls
  5 snapping turtles
  19 blink frogs
  10 dream sheep
  Grinder (D:3)
  8 hippogriffs
  2 shadows
  2 water elementals
  3 wyverns
  2 spriggans
  4 wraiths
  48 yaks
  A fire bat (shapeshifter) (D:13)
  Eustachio (D:6)
  3 basilisks
  4 hungry ghosts
  5 vampire mosquitoes
  3 wargs
  11 water moccasins
  6 porcupines
  2 slaves (D:4)
  A swamp drake (D:10)
  2 ice beasts
  20 orc warriors
  3 sky beasts
  3 black bears
  2 phantoms
  3 necrophages
  38 wolves
  15 ogres
  15 centaurs
  15 crocodiles
  6 big kobolds
  Blork the orc (D:4)
  15 bullfrogs
  2 gnoll sergeants
  A wyvern skeleton (D:9)
  6 scorpions
  4 wights (D:8)
  42 killer bees
  4 howler monkeys
  2 jellies
  2 bullfrog zombies
  5 crimson imps
  Crazy Yiuf (D:2)
  8 hounds
  12 orc priests
  3 bullfrog skeletons
  45 orc wizards
  4 centaur skeletons
  Ijyb (D:3)
  5 iguanas
  9 worker ants
  A killer bee zombie (D:7)
  A hound zombie (D:8)
  A hound skeleton (D:5)
  A worker ant zombie (D:7)
  Robin (D:3)
  7 gnolls
  A howler monkey skeleton (D:8)
  17 adders
  4 shadow imps
  2 adder zombies
  4 worms
  3 dart slugs
  8 leopard geckos
  92 orcs
  2 ball pythons (D:3)
  5 giant cockroaches
  15 goblins
  13 hobgoblins
  13 jackals
  4 quokkas
  5 bats
  9 frilled lizards
  30 kobolds
  5 rats
  A bush (Shoals:1)
  2 fungi
  2 plants
  A tentacle (Shoals:3)
877 creatures vanquished.

Vanquished Creatures (collateral kills)
  A kraken (Shoals:3)
  Nessos (D:15)
  2 merfolk javelineers
  3 merfolk impalers
  A fire dragon (Shoals:1)
  Erolcha (D:11)
  2 vault guards (D:13)
  A centaur warrior (D:14)
  4 merfolk aquamancers
  2 merfolk avatars
  2 satyrs (Shoals:4)
  A tengu warrior (D:13)
  An orc high priest (Orc:2)
  Urug (Orc:1)
  5 sea snakes
  An unseen horror (D:12)
  A lindwurm (Lair:6)
  3 harpies
  5 manticores
  6 cyclopes
  An ugly thing (D:12)
  8 fauns
  A deep elf mage (D:13)
  3 merfolk sirens
  A gargoyle (D:14)
  2 kobold demonologists
  A tengu conjurer (D:14)
  2 wind drakes
  6 merfolk
  2 hippogriffs
  4 snapping turtles
  4 dream sheep
  7 water elementals
  A vampire mosquito (D:15)
  A soldier ant (D:13)
  An ogre (Orc:1)
  An orc priest (Orc:2)
  2 orc wizards
  A gnoll (D:12)
  3 orcs (D:12)
  A quokka (D:12)
97 creatures vanquished.

Vanquished Creatures (others)
  An orc wizard (D:12)
  A leopard gecko (D:8)
  17 fungi
  13 plants
  8 tentacles (Shoals:3)
40 creatures vanquished.

Grand Total: 1014 creatures vanquished

Notes
Turn   | Place    | Note
-------+----------+-------------------------------------------
     0 | D:1      | Andrea the Octopode Fire Elementalist began the quest for
                  | the Orb.
     0 | D:1      | Reached XP level 1. HP: 11/11 MP: 3/3
   131 | D:1      | Reached XP level 2. HP: 17/17 MP: 1/5
   667 | D:1      | Learned a level 2 spell: Throw Flame
   690 | D:1      | Reached XP level 3. HP: 21/21 MP: 0/6
  1586 | D:2      | Found a runed translucent door.
  1587 | D:2      | Noticed Crazy Yiuf
  1673 | D:2      | Learned a level 3 spell: Conjure Flame
  1978 | D:2      | Found a shadowy altar of Dithmenos.
  2190 | D:2      | Reached XP level 4. HP: 27/27 MP: 5/7
  2560 | D:3      | Noticed Ijyb
  2560 | D:3      | Noticed Grinder
  2740 | D:3      | Reached skill level 4 in Fire Magic
  2824 | D:3      | Reached XP level 5. HP: 31/31 MP: 6/8
  2863 | D:3      | Noticed Robin
  3537 | D:3      | Killed Robin
  3766 | D:3      | Killed Ijyb
  3986 | D:4      | Noticed Blork the orc
  3997 | D:4      | Noticed Pikel
  3997 | D:4      | Noticed a slave
  3997 | D:4      | Noticed a slave
  3997 | D:4      | Noticed a slave
  3997 | D:4      | Noticed a slave
  4182 | D:4      | Noticed an ogre
  4189 | D:4      | Killed an ogre
  4189 | D:4      | Reached XP level 6. HP: 36/36 MP: 8/10
  4197 | D:4      | Found an ornate altar of the Wu Jian Council.
  4270 | D:4      | Found an ancient bone altar of Kikubaaqudgha.
  4416 | D:4      | Found a burning altar of Makhleb.
  4683 | D:3      | Learned a level 4 spell: Sticky Flame
  4891 | D:4      | Killed a slave
  4951 | D:4      | Killed a slave
  4955 | D:4      | HP: 1/36 [Pikel/+0 whip of electrocution (20)]
  5392 | D:4      | Killed Blork the orc
  5392 | D:4      | Reached skill level 5 in Fire Magic
  5523 | D:5      | Entered Level 5 of the Dungeon
  5757 | D:5      | Reached XP level 7. HP: 11/41 MP: 12/12
  6253 | D:5      | Reached skill level 5 in Conjurations
  6718 | D:5      | Reached skill level 6 in Fire Magic
  7070 | D:6      | Reached XP level 8. HP: 46/46 MP: 13/13
  7689 | D:6      | Found a staircase to the Ecumenical Temple.
  7868 | Temple   | Entered the Ecumenical Temple
  8212 | Temple   | Became a worshipper of Vehumet
  8559 | D:6      | Reached skill level 7 in Fire Magic
  8727 | D:6      | Got an ebony war axe
  8728 | D:6      | Identified the +5 war axe "Jellyslayer" {freeze, rPois
                  | Dex+2} (You found it on level 6 of the Dungeon)
  8778 | D:6      | Noticed Eustachio
  8806 | D:6      | Killed Eustachio
  9281 | D:6      | Reached XP level 9. HP: 39/51 MP: 4/16
  9608 | D:4      | Killed Pikel
  9608 | D:4      | Reached skill level 5 in Spellcasting
  9608 | D:4      | Reached skill level 8 in Fire Magic
 10082 | D:3      | Killed Grinder
 10191 | D:2      | Killed Crazy Yiuf
 10207 | D:2      | Learned a level 5 spell: Fireball
 11084 | D:7      | Reached skill level 9 in Fire Magic
 11406 | D:8      | Reached * piety under Vehumet
 11406 | D:8      | Offered knowledge of Sandblast by Vehumet.
 11662 | D:8      | Reached XP level 10. HP: 37/56 MP: 16/18
 11779 | D:8      | Noticed a two-headed ogre
 11787 | D:8      | Killed a two-headed ogre
 11787 | D:8      | Reached skill level 1 in Fighting
 12183 | D:8      | Noticed Erica
 13969 | D:9      | Reached skill level 5 in Stealth
 14267 | D:9      | Offered knowledge of Magic Dart by Vehumet.
 14272 | D:9      | Reached ** piety under Vehumet
 14532 | D:9      | Reached XP level 11. HP: 67/67 MP: 12/22
 14774 | D:9      | Found a staircase to the Orcish Mines.
 15286 | D:10     | Entered Level 10 of the Dungeon
 15776 | D:10     | Offered knowledge of Ignite Poison by Vehumet.
 16034 | D:10     | Reached *** piety under Vehumet
 16056 | D:10     | Reached skill level 5 in Dodging
 16359 | D:10     | Found a staircase to the Lair.
 16583 | D:10     | Noticed a death knight
 16720 | Lair:1   | Entered Level 1 of the Lair of Beasts
 16736 | Lair:1   | Reached skill level 5 in Fighting
 17512 | Lair:1   | Noticed foxfromabyss's ghost (novice FoFi)
 17521 | Lair:1   | Found a runed translucent gate.
 17521 | Lair:1   | Found a runed translucent gate.
 17521 | Lair:1   | Found a runed translucent gate.
 17572 | Lair:1   | Offered knowledge of Iskenderun's Mystic Blast by Vehumet.
 18236 | Lair:2   | Reached XP level 12. HP: 81/81 MP: 24/24
 18821 | Lair:2   | Reached **** piety under Vehumet
 18888 | Lair:2   | Offered knowledge of Iskenderun's Battlesphere by Vehumet.
 19570 | Lair:2   | Learned a level 4 spell: Summon Lightning Spire
 19588 | Lair:2   | Reached skill level 1 in Summonings
 19588 | Lair:2   | Reached skill level 1 in Air Magic
 19707 | Lair:3   | Noticed a five-headed hydra
 20243 | Lair:3   | Got a bloodstained trident
 20660 | Lair:3   | Noticed a five-headed hydra
 20669 | Lair:3   | Killed a five-headed hydra
 20791 | Lair:3   | Found a hole to the Spider Nest.
 20942 | Lair:3   | Killed a five-headed hydra
 21033 | Lair:3   | Reached skill level 5 in Summonings
 21033 | Lair:3   | Reached XP level 13. HP: 88/88 MP: 25/25
 21035 | Lair:3   | Reached skill level 5 in Air Magic
 21564 | Lair:4   | Found a staircase to the Shoals.
 22148 | Lair:4   | Reached ***** piety under Vehumet
 22374 | Lair:4   | Offered knowledge of Poison Arrow by Vehumet.
 22746 | Lair:4   | Reached skill level 10 in Spellcasting
 23744 | Lair:5   | Found a staircase to the Slime Pits.
 23746 | Lair:5   | Found a viscous altar of Jiyva.
 23893 | Lair:5   | Reached skill level 10 in Fighting
 24486 | Lair:6   | Entered Level 6 of the Lair of Beasts
 25508 | Lair:6   | Reached XP level 14. HP: 81/99 MP: 29/29
 26651 | Lair:6   | Offered knowledge of Iron Shot by Vehumet.
 27168 | Lair:6   | Noticed a dire elephant
 27232 | Lair:6   | Killed a dire elephant
 28858 | Orc:1    | Entered Level 1 of the Orcish Mines
 28858 | Orc:1    | Found a roughly hewn altar of Beogh.
 28859 | Orc:1    | Noticed Fannar
 28863 | Orc:1    | Killed Fannar
 28968 | Orc:2    | Entered Level 2 of the Orcish Mines
 29040 | Orc:1    | Identified 2 scrolls of acquirement
 29043 | Orc:1    | Got a bound gossamer ring
 29044 | Orc:1    | Identified the ring of Deontun {rCorr MP+9} (You acquired
                  | it on level 1 of the Orcish Mines)
 29412 | Orc:1    | Learned a level 3 spell: Mephitic Cloud
 29467 | Orc:1    | Noticed an orc warlord
 29486 | Orc:1    | Noticed Urug
 29492 | Orc:2    | Found a staircase to the Elven Halls.
 30266 | Orc:2    | Found Womaqam's Antique Armour Boutique.
 30325 | Orc:2    | Found an ancient bone altar of Kikubaaqudgha.
 30325 | Orc:2    | Noticed Nergalle
 30349 | Orc:2    | Killed Nergalle
 30349 | Orc:2    | Reached skill level 10 in Dodging
 30476 | Orc:2    | Found Lurem's Book Boutique.
 30535 | Orc:2    | Found a radiant altar of Vehumet.
 30619 | Orc:2    | Found a roughly hewn altar of Beogh.
 30640 | Orc:2    | Found Enus's Antique Weapon Shop.
 30646 | Orc:2    | Found Xiere's Magic Scroll Shop.
 30948 | Orc:2    | Bought a book of Power for 585 gold pieces
 30948 | Orc:2    | Bought a book of Enchantments for 650 gold pieces
 30948 | Orc:2    | Bought a book of Fire for 845 gold pieces
 31004 | Orc:1    | Noticed Snorg
 31126 | D:11     | Offered knowledge of Bolt of Draining by Vehumet.
 31142 | D:11     | Noticed Josephine
 31150 | D:11     | Killed Josephine
 31659 | D:11     | Reached XP level 15. HP: 91/108 MP: 31/31
 31746 | D:11     | Reached skill level 10 in Fire Magic
 32169 | D:11     | Got a sparkling silver ring
 32170 | D:11     | Identified the ring of Viaredwe {*Drain rPois rN+ Int+4
                  | Dex+5} (You acquired it on level 11 of the Dungeon)
 32224 | D:11     | Reached skill level 10 in Conjurations
 32414 | D:11     | Noticed Gastronok
 32431 | D:11     | Killed Gastronok
 32439 | D:11     | Found a portal to a secret trove of treasure.
 32720 | D:11     | Noticed Erolcha
 32726 | D:11     | Killed Erolcha
 32776 | D:12     | Noticed Sonja
 32783 | D:12     | Killed Sonja
 32910 | D:12     | Noticed Jorgrun
 33064 | D:12     | Killed Jorgrun
 33500 | D:12     | Offered knowledge of Irradiate by Vehumet.
 33584 | D:12     | Reached skill level 11 in Fire Magic
 33919 | D:13     | Found a gate to the Vaults.
 34822 | D:13     | You fall through a shaft for 2 floors!
 34822 | D:15     | Entered Level 15 of the Dungeon
 35137 | D:13     | Identified the +5 dagger of Entrepreneurial Spirit {freeze,
                  | rPois rN+ MP+9 Dex+4}
 35860 | D:14     | Found Sesexaowk's General Store.
 35864 | D:14     | Bought a potion of haste for 120 gold pieces
 35893 | D:14     | Reached skill level 1 in Shields
 36626 | D:15     | Found a staircase to the Depths.
 36629 | D:15     | HP: 2/108 [yaktaur captain/bolt (38)]
 37243 | D:15     | Noticed Nessos
 37249 | D:15     | Reached XP level 16. HP: 56/114 MP: 32/32
 37256 | D:15     | Killed Nessos
 38280 | D:15     | Found a deep blue altar of Sif Muna.
 38576 | Orc:1    | Killed Snorg
 38610 | Orc:1    | Reached ****** piety under Vehumet
 38700 | Orc:1    | Found a roughly hewn altar of Beogh.
 38773 | Orc:1    | Offered knowledge of Bolt of Cold by Vehumet.
 38786 | Orc:1    | Killed Urug
 39164 | Spider:1 | Entered Level 1 of the Spider Nest
 39241 | Shoals:1 | Entered Level 1 of the Shoals
 40523 | Shoals:1 | Learned a level 7 spell: Spellforged Servitor
 40532 | Shoals:1 | Learned a level 8 spell: Ignition
 41319 | Shoals:2 | Reached skill level 12 in Fire Magic
 42883 | Shoals:3 | Offered knowledge of Ozocubu's Refrigeration by Vehumet.
 43164 | Shoals:3 | Noticed a kraken
 43785 | Shoals:3 | Killed a kraken
 43868 | Shoals:4 | Entered Level 4 of the Shoals
 44005 | Shoals:4 | Noticed Ilsuiw
 44845 | Orc:2    | Bought a book of Minor Magic for 260 gold pieces
 44848 | Orc:2    | Learned a level 2 spell: Blink
 45227 | Shoals:4 | Reached XP level 17. HP: 119/119 MP: 33/33
 45614 | Shoals:4 | Got a pitted long sword
 45677 | Shoals:4 | Killed Ilsuiw
 46075 | Shoals:4 | Reached skill level 13 in Fire Magic
 46307 | Shoals:4 | Got a scintillating iron amulet
 46916 | Shoals:4 | Killed from afar by a merfolk aquamancer

Skill      XL: |  1  2  3  4  5  6  7  8  9 10 11 12 13 14 15 16 17 |
---------------+----------------------------------------------------+-----
Conjurations   | 2 3 4 5 7 8 9 11 12 | 12.9
Fire Magic     | 4 5 6 7 9 11 12 13 | 13.2
Spellcasting   | 3 4 5 7 8 11 12 | 12.8
Fighting       | 3 7 8 10 12 | 12.0
Stealth        | 6 8 |  8.1
Dodging        | 4 7 8 10 11 12 | 12.0
Summonings     | 5 6 9 |  9.2
Air Magic      | 4 5 |  5.3
Shields        | 2 4 |  4.0

Action                   |  1- 3 |  4- 6 |  7- 9 | 10-12 | 13-15 | 16-18 || total
-------------------------+-------+-------+-------+-------+-------+-------++-------
Melee: Dagger            |     8 |    59 |    27 |       |    43 |   105 ||   242
       Constrict         |     1 |    16 |    16 |    15 |    45 |    11 ||   104
       Tentacles         |       |    14 |     5 |    15 |    68 |    38 ||   140
       War axe           |       |       |    31 |   118 |   252 |       ||   401
       Staff             |       |       |       |       |     4 |       ||     4
 Cast: Flame Tongue      |    70 |    56 |    79 |   185 |    46 |       ||   436
       Throw Flame       |       |    40 |   105 |   223 |   490 |   340 ||  1198
       Conjure Flame     |       |     3 |    16 |    41 |    40 |     8 ||   108
       Sticky Flame      |       |     5 |    15 |    37 |   102 |    26 ||   185
       Fireball          |       |       |       |    25 |    83 |    59 ||   167
       Summon Lightning  |       |       |       |       |    40 |    55 ||    95
       Mephitic Cloud    |       |       |       |       |    73 |    23 ||    96
       Spellforged Servi |       |       |       |       |       |    20 ||    20
Evoke: Wand              |       |       |     6 |    10 |       |     2 ||    18
  Use: Scroll            |     2 |       |     6 |    17 |    13 |     5 ||    43
       Potion            |       |     1 |     1 |       |     6 |     3 ||    11
 Stab: Sleeping          |       |       |       |     2 |       |       ||     2
       Confused          |       |       |       |       |     8 |       ||     8
       Distracted        |       |       |       |       |     1 |     5 ||     6
  Eat: Chunk             |     5 |    12 |    19 |    28 |    46 |    28 ||   138
       Ration            |       |     1 |     1 |     3 |     6 |     4 ||    15
Armor: Skin              |     4 |    12 |    23 |    24 |    71 |    10 ||   144
Dodge: Dodged            |    25 |    51 |   100 |   161 |   431 |   152 ||   920
Block: Buckler           |       |       |       |       |       |    23 ||    23
